cohdb
Replays
Latest Replays
All Replays
Popular Replays
Top Player Replays
Match Explorer
How It Works
Community
CoH3 Stats
Reddit
Sign in to upload your games and track your stats! →
Sign in with Steam
Match 40372497
Unlisted
Match 40372497
Overview
Messages
Build Orders
End
Selects Heavy Weapons
Construct Barracks
Riflemen Squad
Riflemen Squad
Construct Weapon Support Center
Bazooka Squad
Infantry Support Center
Selects Assault Carriers
M3 Assault Carrier
M1919 Machine Gun Team
M1918 Browning Automatic Rifles
M3 Assault Carrier
Selects Exchangeable Parts
Grenade Package
M3 Assault Carrier
Advanced Logistics
Captain Retinue
Engineer Squad
Engineer Squad
Selects M2HB .50cal Heavy Machine Gun
Construct Motor Pool
M3 Assault Carrier
Construct Tank Depot
Engineer Squad
M4A1 Sherman Medium Tank
Selects M26 Pershing Heavy Tank
Riflemen Squad
Riflemen Squad
M26 Pershing Heavy Tank
M4A1 Sherman Medium Tank
Engineer Squad
Selects Gallant Stand
Kylen
runningDuck
MakJemah
DDougE
Handsome
soos2609
Bueno
Uwe Berger
0
0
Comments
sign in to comment!
No comments posted yet!